Cogmind - Beta 17 @@@ ROGUE MODE // 2026.07.10 @ 20:57:23 Player: Conwew Result: Destroyed by as-02955 with Assembled Rifle Performance ------------- Evolutions (0) 0 Regions Visited (4) 800 Robots Destroyed (16) 80 Value Destroyed (346) 346 Prototype IDs (25) 500 Alien Tech Used (0) 0 Bonus (420) 420 TOTAL SCORE: 2146 Bonus ------- Follower Combat Kills 120 Aligned with FarCom 300 Cogmind --------- Core Integrity 0/250 Matter 295/300 Energy 250/250 System Corruption 0% Temperature Cool (2) Movement Treading (160) Location -9/Mines Parts ------- > --- POWER (1) -------- Ion Engine > --- PROPULSION (2) --- Light Treads Light Treads > --- UTILITY (2) ------ Small Storage Unit Signal Interpreter > --- WEAPON (2) ------- Assault Rifle Assault Rifle > --- INVENTORY (8) ---- Light Nuclear Core Light Nuclear Core Light Treads Improved Heat Sink 0b10 Alert Chip Targeting Computer Targeting Computer Targeting Computer Peak State ------------ > --- POWER ------------ Ion Engine > --- PROPULSION ------- Aluminum Leg Aluminum Leg > --- UTILITY ---------- Small Storage Unit Signal Interpreter > --- WEAPON ----------- Light Assault Rifle Light Assault Rifle > --- INVENTORY -------- Light Nuclear Core Light Nuclear Core Aluminum Leg Heat Sink Assault Rifle Assault Rifle [Rating: 8] Favorites ----------- Power Ion Engine Engine Ion Engine Propulsion Light Treads Treads Light Treads Leg Aluminum Leg Utility Small Storage Unit Storage Small Storage Unit Processor Signal Interpreter Weapon Light Assault Rifle Ballistic Gun Light Assault Rifle Build | -11 -10 -10 -10 -9 ------- Run | Yrd Mat Min Exi Min Slots Evolved . | . . . . . Power . | . . . . . Propulsion . | . . . . . Utility . | . . . . . Weapon . | . . . . . Parts Attached 18 | 8 6 4 . . Power 2 | 2 . . . . Engine 2 | 2 . . . . Core . | . . . . . Reactor . | . . . . . Propulsion 7 | 2 3 2 . . Treads 4 | 2 . 2 . . Leg 3 | . 3 . . . Wheel . | . . . . . Hover . | . . . . . Flight . | . . . . . Utility 3 | 2 1 . . . Device . | . . . . . Storage 2 | 2 . . . . Processor 1 | . 1 . . . Hackware . | . . . . . Protection . | . . . . . Artifact . | . . . . . Weapon 6 | 2 2 2 . . Energy Gun . | . . . . . Energy Cannon . | . . . . . Ballistic Gun 6 | 2 2 2 . . Ballistic Cannon . | . . . . . Launcher . | . . . . . Special Weapon . | . . . . . Impact Weapon . | . . . . . Slashing Weapon . | . . . . . Piercing Weapon . | . . . . . Special Melee Weapon . | . . . . . Unidentified Prototypes . | . . . . . Parts Lost 1 | . . 1 . . Power . | . . . . . Propulsion 1 | . . 1 . . Utility . | . . . . . Weapon . | . . . . . Highest Loss Streak 1 | . . 1 . . To Critical Strikes . | . . . . . Average Backups 4 | . 3 4 7 8 Power . | . . . 2 2 Propulsion . | . . . 1 1 Utility 2 | . 1 1 4 5 Weapon 1 | . 1 1 . . Tool/Special . | . . . . . Unused Backups 10 | . . 2 . 8 Power 2 | . . . . 2 Propulsion 2 | . . 1 . 1 Utility 6 | . . 1 . 5 Weapon . | . . . . . Tool/Special . | . . . . . Average Slot Usage (%) 93 | . 85 99 100 100 Engine 14 | . 14 14 14 14 Treads 13 | . 10 9 28 28 Leg 13 | . 17 17 . . Storage 14 | . 14 14 14 14 Processor 8 | . . 14 14 14 Ballistic Gun 28 | . 28 28 28 28 Peak Build Rating 8 | 6 7 8 8 8 Average Rating 6 | 4 6 7 8 8 On Entrance 5 | . 6 7 8 8 Avg Prop Armor Cover (%) . | . . . . . Naked Turns . | . . . . . Heaviest Build 14 | 12 12 14 14 14 Greatest Support 40 | 40 40 40 40 40 Greatest Overweight (x) 1 | 1 1 1 . . Average Overweight (x) . | . . . . . Largest Inventory Capacity 8 | 8 8 8 8 8 Average Capacity 7 | 6 8 8 8 8 Most Carried 8 | 1 6 7 8 8 Average Carried 4 | . 3 5 7 8 Final Capacity 8 | 8 8 8 8 8 Final Carried 8 | . 3 7 8 8 Class Distribution -------------------- 64% | Mutant 35% | Scavenger-Mutant Dominant Class ---------------- Mutant | -10/Materials Scavenger-Mutant | -10/Mines Mutant | -10/Exiles Mutant | -9/Mines Resources | -11 -10 -10 -10 -9 ----------- Run | Yrd Mat Min Exi Min Matter Collected 554 | 271 157 95 . 31 Remotely . | . . . . . Salvage Created 533 | 71 303 105 . 54 Parts 29 | 2 18 5 . 4 Haulers Intercepted 1 | . 1 . . . Recyclers Shooed 3 | . 1 2 . . Parts Field Recycled . | . . . . . Retrieved Matter . | . . . . . Parts Self-Destructed . | . . . . . Prevented . | . . . . . Parts Restored . | . . . . . Kills | -11 -10 -10 -10 -9 ------- Run | Yrd Mat Min Exi Min Combat Hostiles Destroyed 13 | . 7 2 . 4 Guns 13 | . 7 2 . 4 Classes Destroyed 6 | 1 4 1 . . Hauler 1 | . 1 . . . Recycler 1 | 1 . . . . Watcher 1 | . 1 . . . Swarmer 7 | . 3 . . 4 Grunt 4 | . 4 . . . Sentry 2 | . . 2 . . Best Kill Streak 4 | 1 2 2 . 4 Combat Bots Only 4 | . 2 2 . 4 Max Kills in Single Turn 1 | 1 1 1 . 1 Gunslinging . | . . . . . Exploded . | . . . . . Melee . | . . . . . Uniques/NPCs Destroyed . | . . . . . Combat | -11 -10 -10 -10 -9 -------- Run | Yrd Mat Min Exi Min Hostile Shots Fired 95 | . 49 24 . 22 Missed 25 | . 14 5 . 6 Hits 70 | . 35 19 . 16 Projectile 70 | . 35 19 . 16 Damage Taken 836 | . 411 281 . 144 Core 261 | . 94 117 . 50 Absorbed by Shields . | . . . . . Core Remaining (%) 100 | 100 . . . . Volleys Fired 75 | 2 50 17 . 6 Largest 2 | 2 2 2 . 2 Hottest 40 | 40 40 40 . 40 Shots Fired 150 | 4 100 34 . 12 Gun 150 | 4 100 34 . 12 Cannon . | . . . . . Launcher . | . . . . . Special . | . . . . . Kinetic 150 | 4 100 34 . 12 Thermal . | . . . . . Explosive . | . . . . . Electromagnetic . | . . . . . Robot Hit Streak 15 | 3 9 15 . 2 Robot Miss Streak 8 | . 8 2 . 2 Penetration Max . | . . . . . Secondary Targets 3 | . . 1 . 2 Max Gunslinging Chain 1 | . . 1 . 1 Shots Hit Robots 98 | 3 62 26 . 7 Core Hits 37 | 2 24 7 . 4 Critical Kills . | . . . . . Critical Parts Destroyed 2 | . 1 1 . . Critical Strikes 2 | . 1 1 . . Destroy 2 | . 1 1 . . Melee Attacks . | . . . . . Impact . | . . . . . Slashing . | . . . . . Piercing . | . . . . . Sneak Attacks . | . . . . . Combat Hostiles . | . . . . . Follow-up Attacks . | . . . . . Damage Inflicted 862 | 23 524 213 . 102 Guns 862 | 23 524 213 . 102 Cannons . | . . . . . Explosions . | . . . . . Melee . | . . . . . Ramming . | . . . . . Kinetic 862 | 23 524 213 . 102 Thermal . | . . . . . Explosive . | . . . . . Electromagnetic . | . . . . . Impact . | . . . . . Slashing . | . . . . . Piercing . | . . . . . Highest Corruption . | . . . . . Average Corruption . | . . . . . Corruption Purged . | . . . . . Corruption Blocked . | . . . . . Overload Shots . | . . . . . Overflow Damage . | . . . . . Projectiles . | . . . . . Explosions . | . . . . . Melee . | . . . . . Knockbacks . | . . . . . Impact . | . . . . . Kinetic . | . . . . . Secondary . | . . . . . Self-Inflicted Damage . | . . . . . Shots . | . . . . . Rammed . | . . . . . Targets Rammed . | . . . . . Kicked . | . . . . . Crushed . | . . . . . Highest Temperature 18 | . 18 18 . 2 Average Temperature 9 | . 10 8 . 2 Received Heat Transfer 245 | . 153 72 . 20 Siege Activations . | . . . . . Martial Activations . | . . . . . Shielding Activations . | . . . . . Robots Disrupted . | . . . . . Combat Hostiles . | . . . . . Robots Corrupted . | . . . . . Combat Hostiles . | . . . . . Parts Fried . | . . . . . Impact Corruptions . | . . . . . Robots Melted . | . . . . . Combat Hostiles . | . . . . . Parts Melted . | . . . . . Heat Transferred . | . . . . . Parts Sabotaged . | . . . . . Parts Stolen . | . . . . . Parts Stripped . | . . . . . Power Chain Reactions . | . . . . . Alert | -11 -10 -10 -10 -9 ------- Run | Yrd Mat Min Exi Min Maximum Alert Level . | . . . . . Low Security (%) 100 | 100 100 100 . 100 Level 1 . | . . . . . Level 2 . | . . . . . Level 3 . | . . . . . Level 4 . | . . . . . Level 5 . | . . . . . High Security . | . . . . . Max Security . | . . . . . Peak Influence 90 | 5 83 71 . 90 Initial 9 | . . 9 . . Average 15 | . 22 9 . 63 Influence Increases 467 | 5 207 165 . 90 Destroy 0b10 Robot/C 340 | . 140 120 . 80 Destroy 0b10 Robot/NC 15 | 5 10 . . . Destroy Leader 64 | . 34 20 . 10 Allied During Kill 10 | . . 10 . . Successful Hack 23 | . 23 . . . Lose Combat Pursuer 15 | . . 15 . . Influence Decreases 387 | 5 181 191 . 10 Entered New Map 17 | . . 17 . . Time Decay 330 | 5 181 134 . 10 Lost Part 10 | . . 10 . . Lost Ally 30 | . . 30 . . Squads Dispatched . | . . . . . Investigation . | . . . . . Extermination . | . . . . . Reinforcement . | . . . . . Assault . | . . . . . Garrison . | . . . . . Intercept . | . . . . . Searches Triggered . | . . . . . Construction Impeded . | . . . . . Haulers Reinforced . | . . . . . Active Scanning Responses . | . . . . . Cargo Convoy Interrupts . | . . . . . Stealth | -11 -10 -10 -10 -9 --------- Run | Yrd Mat Min Exi Min Distress Signals . | . . . . . Communications Jammed . | . . . . . Distress Signals . | . . . . . Times Spotted 31 | . 19 7 . 5 Peak Tracking Total 4 | . 4 2 . 3 Tactical Retreats 1 | . . 1 . . Traps | -11 -10 -10 -10 -9 ------- Run | Yrd Mat Min Exi Min Traps Triggered . | . . . . . Indirectly . | . . . . . Trap Hack Attempts . | . . . . . Triggered . | . . . . . Disarmed . | . . . . . Reprogrammed . | . . . . . Reused . | . . . . . Traps Extracted . | . . . . . Installed . | . . . . . Triggered . | . . . . . Machines | -11 -10 -10 -10 -9 ---------- Run | Yrd Mat Min Exi Min Machines Disabled . | . . . . . Max in Single Turn . | . . . . . Machines Repaired . | . . . . . Machines Dismantled . | . . . . . Machines Sabotaged . | . . . . . Overloaded Fab Kills . | . . . . . Hacking | -11 -10 -10 -10 -9 --------- Run | Yrd Mat Min Exi Min Machines Accessed 10 | . 8 . 2 . Terminals 8 | . 8 . . . Fabricators . | . . . . . Repair Stations . | . . . . . Recycling Units . | . . . . . Scanalyzers . | . . . . . Garrison Access . | . . . . . Total Hacks 21 | . 16 . 5 . Successful 18 | . 13 . 5 . Failed 3 | . 3 . . . Catastrophic . | . . . . . Database Lockouts . | . . . . . Manual 13 | . 12 . 1 . Terminals 16 | . 16 . . . Fabricators . | . . . . . Repair Stations . | . . . . . Recycling Units . | . . . . . Scanalyzers . | . . . . . Garrison Access . | . . . . . Terminal Hacks 10 | . 5 . 5 . Record 4 | . . . 4 . Part Schematic 2 | . 2 . . . Prototype ID Bank 1 | . 1 . . . Alert Level 1 | . 1 . . . Locate Traps 1 | . 1 . . . Proto ID Catalog 1 | . . . 1 . Fabricator Hacks . | . . . . . Repair Station Hacks . | . . . . . Recycling Unit Hacks . | . . . . . Scanalyzer . | . . . . . Garrison Access Hacks . | . . . . . Unauthorized Hacks 8 | . 8 . . . Terminals 8 | . 8 . . . Botnet 8 | . 8 . . . Fabricators . | . . . . . Repair Stations . | . . . . . Recycling Units . | . . . . . Scanalyzers . | . . . . . Garrison Access . | . . . . . Data Cores Recovered . | . . . . . Used . | . . . . . Hacking Detections 4 | . 4 . . . Full Trace Events . | . . . . . Feedback Events . | . . . . . Feedback Blocked . | . . . . . Robot Schematics Acquired . | . . . . . Robots Built . | . . . . . Authchips . | . . . . . Time . | . . . . . Total Robot Build Rating . | . . . . . Part Schematics Acquired 2 | . 2 . . . Parts Built . | . . . . . Authchips . | . . . . . Time . | . . . . . Total Part Build Rating . | . . . . . Part Studies Acquired . | . . . . . Parts Repaired . | . . . . . Time . | . . . . . Parts Recycled . | . . . . . Recycled Matter . | . . . . . Retrieved Matter . | . . . . . Retrieved Components . | . . . . . Parts Scanalyzed . | . . . . . Part Schematics Acquired . | . . . . . Parts Damaged . | . . . . . Bothacking | -11 -10 -10 -10 -9 ------------ Run | Yrd Mat Min Exi Min Used RIF Installer . | . . . . . Robots Hacked . | . . . . . Non-combat . | . . . . . Combat . | . . . . . Robot Hacks Applied . | . . . . . Relay Couplers Released . | . . . . . Fabnet Peak Effective % . | . . . . . Robots Rewired . | . . . . . Allies Hacked . | . . . . . Hacks Repelled . | . . . . . Allies | -11 -10 -10 -10 -9 -------- Run | Yrd Mat Min Exi Min Total Allies 3 | . . 3 . . Largest Group 3 | . . 3 . . Highest-Rated Group 40 | . . 40 . . Highest-Rated Ally 16 | . . 16 . . Total Orders . | . . . . . Ally Attacks 22 | . . 22 . . Total Damage 297 | . . 297 . . Kills 4 | . . 4 . . Allies Corrupted . | . . . . . Allies Melted . | . . . . . Intel | -11 -10 -10 -10 -9 ------- Run | Yrd Mat Min Exi Min Active Infowar (turns) . | . . . . . Robot Analysis Total . | . . . . . Derelict Logs Recovered 1 | . . 1 . . Drone Launches . | . . . . . Drone Recoveries . | . . . . . Exploration | -11 -10 -10 -10 -9 ------------- Run | Yrd Mat Min Exi Min Turns Passed 2007 | 77 755 802 341 32 Spaces Moved 1244 | 41 437 544 213 9 Core 7 | 7 . . . . Treads 571 | 34 153 162 213 9 Legs 666 | . 284 382 . . Wheels . | . . . . . Hover . | . . . . . Flight . | . . . . . Fastest Speed 50 | 50 120 120 160 160 Average Speed 138 | 142 134 133 160 160 Slowest Speed 190 | 160 190 190 160 160 Overloaded Moves . | . . . . . Propulsion Burnouts . | . . . . . Robots Hopped . | . . . . . Potential Cave-ins . | . . . . . Cave-ins Triggered . | . . . . . Exploration Rate (%) 48 | 4 94 79 60 6 Regions Visited 4 Branch Regions 3 Pre-discovered Areas 1 | . . . 1 . Known Exits Taken 3 | . 1 1 1 . Unknown Exits Taken 1 | 1 . . . . Scrap Searched 1 | . . 1 . . Spaces Dug . | . . . . . Terrain Destroyed . | . . . . . Melee . | . . . . . Projectile . | . . . . . AOE . | . . . . . Terrain Rammed . | . . . . . Walls Destroyed . | . . . . . Machines Disabled . | . . . . . Actions | -11 -10 -10 -10 -9 --------- Run | Yrd Mat Min Exi Min Total 1400 | 53 525 594 213 15 Wait 42 | 1 24 17 . . Move 1240 | 40 436 543 212 9 Hop . | . . . . . Pick Up 13 | . 4 8 1 . Fast Attach 12 | 8 2 2 . . Attach 3 | . 1 2 . . Detach . | . . . . . Swap 4 | 1 3 . . . Drop 11 | 1 5 5 . . Fire 75 | 2 50 17 . 6 Melee . | . . . . . Ram . | . . . . . Kick . | . . . . . Crush . | . . . . . Escape Stasis . | . . . . . Rewire . | . . . . . Trap . | . . . . . Miscellaneous . | . . . . . Route ------- -11/Scrapyard -10/Materials (discovered 5 exits: *Mat x3 / *Min x2) -10/Mines (discovered 4 exits: *Mat x2 / *Exi / *Sub) -10/Exiles -9/Mines History --------- Turn | Location | Event 6 | -11/Scrapyard | Released all parts (2) 8 | -11/Scrapyard | Discovered new exit (range 16) 78 | -11/Scrapyard | Entered Materials 195 | -10/Materials | Discovered new exit (range 4) 307 | -10/Materials | Build established: Mutant 413 | -10/Materials | Discovered new exit (range 4) 489 | -10/Materials | Discovered new exit (range 14) 671 | -10/Materials | Discovered new exit (range 3) 791 | -10/Materials | Discovered new exit (range 10) 831 | -10/Materials | Identified exit to Mines 833 | -10/Materials | Entered Mines 945 | -10/Mines | Assisted by bots powering up and referring to "LRC-V3" 946 | -10/Mines | Build established: Scavenger-Mutant 986 | -10/Mines | Deemed a non-threat by the Exiles lab entrance 986 | -10/Mines | Discovered new exit (range 5) 1016 | -10/Mines | Discovered new exit (range 5) 1019 | -10/Mines | Identified exit to Materials 1246 | -10/Mines | Discovered exit to Materials (range 16) 1304 | -10/Mines | Core integrity fell below 50% 1325 | -10/Mines | Core integrity fell below 20% 1371 | -10/Mines | Learned Materials trap positions 1407 | -10/Mines | Discovered new exit (range 11) 1426 | -10/Mines | Identified exit to Subcaves 1631 | -10/Mines | Identified exit to Exiles 1635 | -10/Mines | Entered Exiles 1644 | -10/Exiles | Build established: Mutant 1675 | -10/Exiles | Met 8R-AWN 1703 | -10/Exiles | Met EX-HEX 1751 | -10/Exiles | Met EX-BIN 1770 | -10/Exiles | Aligned with FarCom system 1771 | -10/Exiles | Given EX-Vault access code 1808 | -10/Exiles | Opened EX-Vault 1821 | -10/Exiles | Found 0b10 Alert Chip 1854 | -10/Exiles | Warned to stay clear of 0b10 Research branches 1896 | -10/Exiles | Met EX-DEC 1907 | -10/Exiles | Learned location of Zion (-6) 1955 | -10/Exiles | Discovered new exit (range 12) 1972 | -10/Exiles | Identified exit to Mines 1976 | -10/Exiles | Left Exiles lab with 0b10 Alert Chip 1976 | -10/Exiles | Entered Mines 1977 | -9/Mines | Assembled infested the area 2008 | -9/Mines | Destroyed by as-02955 with Assembled Rifle Last Messages --------------- better environment less hostile to science. EXIT=FOUND EXIT=IDENTIFIED: MINES LOCATION=MINES GOAL=ESCAPE Receiving FarCom transmissions... S-10 Pest destroyed. Switching to secondary target: S-10 Pest. ALERT: Infestation in the mines, dispatching Demolisher response squad. T-07 Excavator is excavating. S-10 Pest destroyed. Switching to secondary target: S-10 Pest. T-07 Excavator is excavating. S-10 Pest destroyed. T-07 Excavator is excavating. S-10 Pest destroyed. T-07 Excavator is excavating. Acquired 31 matter. T-07 Excavator is excavating. Map ----- +----------------------------------------------------+ | ??????????????????????????????????????? | | ??????????????????????????????????????? | | ??????????????????????????????????????? | | ??????????????????????????????????????? | | ??????????????????????????????????????? | | ??????????????????????????????????????? | | ??????????????????????????????????????? | | ??????????????????????????????????????? | | ??????????????????????????????????????? | | ??????????????????????????????????????? | | ??????????????????????????????????????? | | ????????????#####?????????????????????? | | ????????##### ##????????????????????? | | ????????# # ##???????????????????? | | ????????# ????????????????????? | | ?????????# #?????????????????????? | | ???????????# ##????????????????????? | | ???????##### [###??????????????????? | | ?????### =[#??????????????????? | | ?????# *%##??????????????????? | | ????# # # a ###???????????????????? | | ????# ?# ##a ##?????????????????????? | | ????###??#??# #??????????????????????? | | ????????????# #??????????????????????? | | ????????????# #??????????????????????? | | ????????????# @#??????????????????????? | | ????????????# #??????????????????????? | | ???????????# ??????????????????????? | | ???????????# ??????????????????????? | | ??????????? ?????????????????????? | | ?????????? ?????????????????????? | | ?????????# ????????????????????? | | ?????????# ## ????????????????????? | | ?????????## #??# ???????????????????? | | ??????????###???? ???????????????????? | | ????????????????? ??????????????????? | | ????????????????? ??????????????????? | | ?????????????????? ##?????????????????? | | ??????????????????##??????????????????? | | ??????????????????????????????????????? | | ??????????????????????????????????????? | | ??????????????????????????????????????? | | ??????????????????????????????????????? | | ??????????????????????????????????????? | | ??????????????????????????????????????? | | ??????????????????????????????????????? | | ??????????????????????????????????????? | | ??????????????????????????????????????? | | ??????????????????????????????????????? | | ??????????????????????????????????????? | +----------------------------------------------------+ Best States ------------- Heat Dissipation 25 Energy Generation 10 Energy Capacity 250 Matter Stores 300 Matter Capacity 300 Sight Range 16 Terrain Scan Density 10 Evasion (%) 55 Recoil Reduction 2 Item Schematics ----------------- Aluminum Leg | -10/Materials | Hacked Assault Rifle | -10/Materials | Hacked Robot Schematics ------------------ None Fabricated ------------ Nothing Repaired ---------- Nothing Studied --------- None Alien Tech Used ----------------- None Achievements -------------- Live, Flee, And Rebuild Challenges ------------ None Game ------ Seed ReinforcedLobotomyStatue Manual? 0 Play Time 00:18:30 Cumulative 49.4 hours Start 2026.07.09 @ 19:51:45 End 2026.07.10 @ 20:57:23 Sessions 2 Manual Loads 0 Difficulty Rogue Special Mode None Game No. 54 Rogue 54 Adventurer 0 Explorer 0 Win Type - Total 1 Types 1/0/0/0/0/0/0/0/0/0 Lore% 53 Gallery% 35 Achievement% 32 Wizard Run 0 Options --------- Layout 1 ASCII 0 Keyboard 0 Movement Mouse Keybinds 0 Fullscreen 1 Font 24/X11 Map View 50x35 Zoom Use 0% Tactical HUD 0 Map Filters NONE Filters NONE Steam 1 RUN: 470d311d-8879-4284-ad65-fdf93ddefa70